 Dungeon Sprint DCSS version 0.22-a0-373-gab1296c (webtiles) character file.

866 emperorscorpion the Zephyrmancer (level 7, -3/37 HPs)
             Began as a Deep Elf Air Elementalist on Apr 25, 2018.
             Was a Priest of Sif Muna.
             Slain by a four-headed hydra (9 damage)
             ... in the Dungeon (Sprint IX: "|||||||||||||||||||||||||||||").
             The game lasted 00:02:34 (235 turns).

emperorscorpion the Zephyrmancer (DEAE)              Turns: 235, Time: 00:02:36

Health: -3/37      AC:  4    Str:  5    XL:     7   Next: 72%
Magic:  4/22       EV: 19    Int: 21    God:    Sif Muna [***...]
Gold:   0          SH:  0    Dex: 22    Spells: 14/26 levels left

rFire    . . .     SeeInvis .   b - staff of energy
rCold    . . .     Gourm    .   (no shield)
rNeg     . . .     Faith    .   o - +0 robe
rPois    .         Spirit   .   q - +0 helmet
rElec    .         Reflect  .   (no cloak)
rCorr    .         Harm     .   (no gloves)
MR       .....     NoTele   +   p - +0 pair of boots
Stlth    ++++......             (no amulet)
HPRegen  0.12/turn              r - +3 ring of dexterity
MPRegen  0.18/turn              s - +3 ring of dexterity

@: no status effects
A: no striking features
a: Divine Energy, Channel Magic, Renounce Religion


You were in the Dungeon.
You worshipped Sif Muna.
Sif Muna was most pleased with you.
You were not hungry.

You visited 1 branch

Inventory:

Hand Weapons
 a - the +2 rapier "Eviscerator" {pierce, +Fly rF+ Str+3}
   (You found it in the Dungeon)

   It inflicts extra damage upon your enemies.
   It affects your strength (+3).
   It protects you from fire.
   It lets you fly.
 n - a +0 dagger
Armour
 o - a +0 robe (worn)
 p - a +0 pair of boots (worn)
 q - a +0 helmet (worn)
Magical Staves
 b - an uncursed staff of energy (weapon)
Jewellery
 r - a +3 ring of dexterity (left hand)
 s - a +3 ring of dexterity (right hand)
Wands
 m - a wand of iceblast (10)
Scrolls
 i - 2 scrolls of blinking
 k - 3 scrolls of remove curse
 l - 2 scrolls of amnesia
Potions
 d - 5 potions of curing
 e - 3 potions of heal wounds
 f - a potion of haste
 g - 4 potions of magic
 j - a potion of invisibility
Comestibles
 c - a ration
 h - 2 chunks of flesh


   Skills:
 + Level 0.6 Fighting
 + Level 7.6 Dodging
 + Level 7.0 Stealth
 + Level 10.2 Spellcasting
 + Level 4.4 Conjurations
 + Level 12.2 Air Magic
 * Level 2.1 Invocations
 + Level 1.1 Evocations


You had 14 spell levels left.
You knew the following spells:

 Your Spells              Type           Power        Failure   Level  Hunger
a - Shock                 Conj/Air       ####         1%          1    None
b - Airstrike             Air            ######....   1%          4    None
c - Lightning Bolt        Conj/Air       #####.....   6%          5    None
d - Swiftness             Chrm/Air       #####...     1%          2    None


Dungeon Overview and Level Annotations

Branches:
Dungeon (1/1)

Altars:
Cheibriados
Dithmenos
Elyvilon
Fedhas
Gozag
Hepliaklqana
Kikubaaqudgha
Makhleb
Nemelex Xobeh
Okawaru
Qazlal
Ru
Sif Muna
Trog
Uskayaw
Vehumet
Wu Jian
Xom
Yredelemnul
Zin
The Shining One
Beogh
Jiyva
Lugonu


Message History

You hear a mighty clap of thunder!
The bolt of lightning hits the orc wizard.
You kill the orc wizard!
Sif Muna accepts your kill.
Your Invocations skill increases to level 2!
The bolt of lightning hits the four-headed hydra.
The four-headed hydra is heavily wounded.
Some of the chunks of flesh in your inventory have rotted away.
Casting: Lightning Bolt (safe; 6% risk of failure)
Confirm with . or Enter, or press ? or * to list all spells.
Aiming: Lightning Bolt (safe; 6% risk of failure)
Press: ? - help, Shift-Dir - straight line, f - four-headed hydra
Aim: a four-headed hydra (heavily wounded)
You hear a mighty clap of thunder!
The bolt of lightning hits the four-headed hydra.
The four-headed hydra is almost dead.
The four-headed hydra bites you!
* * * LOW HITPOINT WARNING * * *
The four-headed hydra misses you. The four-headed hydra bites you!
You die...

▓.▓
▓.▓
▓'▓
▓.▓
▓.▓
▓)▓
▓.▓
▓.▓
▓@▓
▓D▓
▓.▓
▓.▓
▓.▓
▓†▓
▓.▓
▓.▓


You could see a four-headed hydra.

Vanquished Creatures
  A troll (D)
  A yak (D)
  A vampire mosquito (D)
  2 ogres (D)
  2 scorpions (D)
  An orc priest (D)
  An orc wizard (D)
  2 worker ants (D)
  A shadow imp (D)
  An adder skeleton (D)
  A bat skeleton (D)
  A goblin (D)
  A jackal (D)
  3 bats (D)
  A frilled lizard (D)
  A giant cockroach zombie (D)
21 creatures vanquished.

Notes
Turn   | Place    | Note
-------+----------+-------------------------------------------
     0 | D        | emperorscorpion the Deep Elf Air Elementalist began the quest for the Orb.
     0 | D        | Reached XP level 1. HP: 10/10 MP: 6/6
    10 | D        | Reached skill level 4 in Air Magic
    66 | D        | Noticed an orc priest
    66 | D        | Noticed an ogre
    66 | D        | Noticed a scorpion
    81 | D        | Reached XP level 2. HP: 15/15 MP: 2/8
    82 | D        | Reached skill level 5 in Air Magic
    82 | D        | Reached XP level 3. HP: 19/19 MP: 1/11
    82 | D        | Killed a scorpion
    82 | D        | Reached skill level 5 in Spellcasting
    82 | D        | Reached skill level 7 in Air Magic
    82 | D        | Reached XP level 4. HP: 24/24 MP: 1/13
    85 | D        | Killed an ogre
    85 | D        | Reached skill level 5 in Dodging
    85 | D        | Reached skill level 8 in Air Magic
    85 | D        | Reached XP level 5. HP: 28/28 MP: 0/16
   100 | D        | Found a roughly hewn altar of Beogh.
   100 | D        | Found a snail-covered altar of Cheibriados.
   100 | D        | Found a shadowy altar of Dithmenos.
   100 | D        | Found a white marble altar of Elyvilon.
   100 | D        | Found a blossoming altar of Fedhas.
   100 | D        | Found an opulent altar of Gozag.
   101 | D        | Found a hazy altar of Hepliaklqana.
   102 | D        | Found a viscous altar of Jiyva.
   103 | D        | Found an ancient bone altar of Kikubaaqudgha.
   104 | D        | Found a corrupted altar of Lugonu.
   105 | D        | Found a burning altar of Makhleb.
   106 | D        | Found a sparkling altar of Nemelex Xobeh.
   107 | D        | Found an iron altar of Okawaru.
   108 | D        | Found a stormy altar of Qazlal.
   109 | D        | Found a sacrificial altar of Ru.
   110 | D        | Found a deep blue altar of Sif Muna.
   111 | D        | Found a bloodstained altar of Trog.
   112 | D        | Found a hide-covered altar of Uskayaw.
   113 | D        | Found a radiant altar of Vehumet.
   114 | D        | Found an ornate altar of the Wu Jian Council.
   115 | D        | Found a shimmering altar of Xom.
   116 | D        | Found a basalt altar of Yredelemnul.
   117 | D        | Found a glowing silver altar of Zin.
   118 | D        | Became a worshipper of Sif Muna the Loreminder
   119 | D        | Found a glowing golden altar of the Shining One.
   137 | D        | Got the +2 rapier "Eviscerator" {pierce, +Fly rF+ Str+3}
   165 | D        | Learned a level 4 spell: Airstrike
   171 | D        | Learned a level 5 spell: Lightning Bolt
   175 | D        | Noticed a troll
   175 | D        | Noticed a yak
   175 | D        | Noticed an ogre
   179 | D        | Reached skill level 5 in Stealth
   179 | D        | Reached skill level 9 in Air Magic
   180 | D        | Reached * piety under Sif Muna
   181 | D        | Killed a yak
   181 | D        | Reached ** piety under Sif Muna
   181 | D        | Reached skill level 10 in Air Magic
   181 | D        | Reached XP level 6. HP: 30/32 MP: 7/19
   181 | D        | Reached skill level 11 in Air Magic
   189 | D        | Killed a troll
   189 | D        | Reached *** piety under Sif Muna
   189 | D        | Reached skill level 10 in Spellcasting
   189 | D        | Reached XP level 7. HP: 16/37 MP: 0/22
   202 | D        | Learned a level 2 spell: Swiftness
   228 | D        | Noticed a four-headed hydra
   228 | D        | Noticed a vampire mosquito
   233 | D        | Killed a vampire mosquito
   233 | D        | Reached skill level 12 in Air Magic
   233 | D        | Reached skill level 1 in Invocations
   233 | D        | Reached skill level 1 in Evocations
   235 | D        | Slain by a four-headed hydra

Vault maps used:
D:        linesprint

Skill      XL: |  1  2  3  4  5  6  7 |
---------------+----------------------+-----
Air Magic      | 4 5 7 8 10 11 12 | 12.2
Dodging        | 3 4 5 6 7 |  7.6
Stealth        | 3 4 6 7 |  7.0
Spellcasting   | 4 5 6 8 10 | 10.2
Conjurations   | 2 3 4 |  4.4
Invocations    | 2 |  2.1
Evocations     | 1 |  1.1
Fighting       | |  0.6

Action                   |  1- 3 |  4- 6 |  7- 9 || total
-------------------------+-------+-------+-------++-------
Melee: Dagger            |       |     1 |       ||     1
 Cast: Shock             |     9 |     7 |     4 ||    20
       Lightning Bolt    |       |     2 |     4 ||     6
       Airstrike         |       |     1 |       ||     1
Invok: Divine Energy     |       |     1 |       ||     1
       Stop Divine Energ |       |       |     1 ||     1
Evoke: Staff of energy   |       |     1 |     8 ||     9
  Use: Potion            |       |     1 |       ||     1
Armor: Robe              |     1 |     1 |     1 ||     3
Dodge: Dodged            |     8 |     7 |     2 ||    17

Table legend:
 A = Spawn XP
 B = Non-spawn XP
 C = Spawn XP percentage of total XP
 D = Spawn monster count
 E = Non-spawn monster count
 F = Spawn count percentage of total count
 G = Total turns spent on level
                    A         B        C        D         E        F      G
               +---------+---------+-------+---------+---------+-------+---------
         Total |       0 |    1238 |   0.0 |       0 |      21 |   0.0 |   235
               +---------+---------+-------+---------+---------+-------+---------
             D |       0 |    1238 |   0.0 |       0 |      21 |   0.0 |   235
               +---------+---------+-------+---------+---------+-------+---------
